 Dungeon Crawl Stone Soup version 0.21-a0-265-gb353147 (webtiles) character file.

31 tidbits the Bolt Thrower (level 2, 3/23 HPs)
             Began as a Demigod Wanderer on Sept 10, 2017.
             Quit the game on level 2 of the Dungeon.
             The game lasted 00:06:47 (487 turns).

tidbits the Bolt Thrower (Demigod Wanderer)          Turns: 487, Time: 00:06:47

Health: 3/23       AC:  2    Str: 16    XL:     2   Next: 90%
Magic:  7/7        EV: 11    Int: 15    God:
Gold:   20         SH:  0    Dex: 15    Spells: 1/5 levels left

rFire    . . .     SeeInvis .   j - +1 short sword (drain)
rCold    . . .     Gourm    .   (no shield)
rNeg     . . .     Faith    .   c - +0 robe
rPois    .         Spirit   .   (no helmet)
rElec    .         Reflect  .   (no cloak)
rCorr    .         Harm     .   (no gloves)
MR       .....                  (no boots)
Stlth    ..........             (no amulet)
HPRegen  0.07/turn              h - ring of loudness (curse)
MPRegen  0.10/turn              (no ring)

@: lethally poisoned (3 -> 0), drained
A: high mp 1
a: no special abilities


You were on level 2 of the Dungeon.
You were not hungry.

You visited 1 branch of the dungeon, and saw 2 of its levels.

You collected 20 gold pieces.

Inventory:

Hand Weapons
 a - a +2 dagger of protection
   (You took it off a kobold on level 1 of the Dungeon)
 j - a +1 short sword of draining (weapon)
   (You took it off a kobold on level 1 of the Dungeon)
 y - a +0 club
Missiles
 e - 20 sling bullets
 i - 3 stones (quivered)
Armour
 c - a +0 robe (worn)
Jewellery
 h - a cursed ring of loudness (left hand)
   (You found it on level 2 of the Dungeon)
Scrolls
 r - a scroll of remove curse
 t - a scroll of teleportation
Books
 b - the Almanac of the Guilds

   Spells                             Type                      Level
   a - Pain                           Necromancy                   1
   b - Regeneration                   Charms/Necromancy            3
 d - a book of Air

   Spells                             Type                      Level
   a - Shock                          Conjuration/Air              1
   b - Swiftness                      Charms/Air                   2
   c - Static Discharge               Conjuration/Air              3
   d - Airstrike                      Air                          4
   e - Lightning Bolt                 Conjuration/Air              5
Comestibles
 f - 2 bread rations


   Skills:
 - Level 1.0(0.5) Fighting
   Level 2.6(2.1) Crossbows
 - Level 1.0(0.5) Throwing
 - Level 1.0(0.5) Armour
   Level 1.0(0.5) Shields
 + Level 2.2(1.7) Spellcasting
 - Level 1.0(0.5) Necromancy
 - Level 1.7(1.2) Air Magic


You had one spell level left.
You knew the following spells:

 Your Spells              Type           Power        Failure   Level  Hunger
p - Pain                  Necr           #...         19%         1    ##.....
z - Shock                 Conj/Air       #...         19%         1    ##.....
W - Swiftness             Chrm/Air       #.......     26%         2    ###....


Dungeon Overview and Level Annotations

Branches:
Dungeon (2/15)


Innate Abilities, Weirdness & Mutations

You have an increased reservoir of magic. (+10% MP)


Message History

Found a glowing copper ring.
You barely miss the giant cockroach. The giant cockroach barely misses you.
You hit the giant cockroach.
Your weapon exudes an aura of protection.
The giant cockroach is moderately wounded.
The giant cockroach bites you but does no damage. x2
You hit the giant cockroach.
The giant cockroach is heavily wounded.
The giant cockroach closely misses you.
You barely miss the giant cockroach.
The giant cockroach is heavily wounded.
The giant cockroach closely misses you.
You hit the giant cockroach.
You kill the giant cockroach!
A quokka zombie comes into view.
Found 3 fruits.
Found a stone staircase leading up.
A kobold comes into view. It is wielding a short sword.
You see here a glowing copper ring.
You hit the quokka zombie.
Your weapon exudes an aura of protection.
The quokka zombie is moderately damaged.
The kobold shouts!
The quokka zombie bites you but does no damage.
You hit the quokka zombie.
The quokka zombie is almost destroyed.
The quokka zombie misses you.
An adder comes into view.
The adder hisses angrily.
You hit the quokka zombie.
You destroy the quokka zombie!
h - a glowing copper ring The bat closely misses you.
The bat closely misses you.
Found 15 stones.
Put on which piece of jewellery? (? for menu, Esc to quit)
Oops, that ring feels deathly cold.
h - a cursed ring of loudness (left hand)
The bat hits you but does no damage.
You hit the bat.
You kill the bat!
You barely miss the kobold. The kobold hits you with a short sword.
* * * LOW HITPOINT WARNING * * *
You closely miss the kobold. The kobold barely misses you.
You hit the kobold.
The kobold is moderately wounded.
The kobold misses you.
Wield which item (- for none, * to show all)? (? for menu, Esc to quit)
Your +2 dagger of protection goes still.
You sense an unholy aura.
j - a +1 short sword of draining (weapon)
You hit the kobold.
You kill the kobold!
You hit the adder. You drain the adder!
The adder is moderately wounded.
The adder bites you but does no damage. The adder closely misses you.
You miss the adder.
The adder is moderately wounded.
The adder misses you.
You miss the adder.
The adder is moderately wounded.
The adder bites you.
* * * LOW HITPOINT WARNING * * *
The adder barely misses you.
You completely miss the adder.
The adder is moderately wounded.
The adder barely misses you.
You barely miss the adder.
The adder is moderately wounded.
The adder barely misses you. The adder closely misses you.
You hit the adder.
The adder is moderately wounded.
The adder bites you.
* * * LOW HITPOINT WARNING * * *
You are poisoned.
The adder poisons you!
You hit the adder.
The adder is heavily wounded.
You feel sick. The adder bites you.
* * * LOW HITPOINT WARNING * * *
The adder bites you.
* * * LOW HITPOINT WARNING * * *
You are lethally poisoned!
The adder poisons you!
A quokka comes into view.
You miss the adder.
The adder is heavily wounded.
The adder bites you but does no damage.
You hit the adder but do no damage. You drain the adder!
The adder is almost dead.
The adder closely misses you.
A jackal comes into view.
The jackal barks!
You hit the adder.
You kill the adder!
Your base Spellcasting skill increases to level 2!
* * * LOW HITPOINT WARNING * * *
You feel sick.
It was a potion of cancellation.
You feel magically purged.
Are you sure you want to abandon this character and quit the game? (Confirm with "yes".)

.... #.# ..... #.# .....
... ........#.#
.b.....%#.# ...>.....#.#
# ............#
###........<..r#########
#...# .....##.h@.....(.
..# ... #.###...... .##
# ####.##..##### .###
#...†...#
...########.##.####
......#.....##.#
.#........####.#
.####.....# #.#
.##...#...####.#


You could see a quokka and a jackal.

Vanquished Creatures
  An adder (D:2)
  A worm (D:2)
  2 bats (D:2)
  3 giant cockroaches
  3 goblins (D:1)
  A hobgoblin (D:1)
  5 kobolds
  A quokka zombie (D:2)
  2 rats
19 creatures vanquished.

Notes
Turn   | Place    | Note
-------+----------+-------------------------------------------
     0 | D:1      | tidbits the Demigod Wanderer began the quest for the Orb.
     0 | D:1      | tidbits set off with: a book of Air, the Almanac of the Guilds, a +0 robe, a +0 club, a bread ration
     0 | D:1      | Reached XP level 1. HP: 16/16 MP: 3/3
     0 | D:1      | Identified the Almanac of the Guilds
   194 | D:1      | Learned a level 1 spell: Pain
   293 | D:1      | Reached skill level 1 in Spellcasting
   344 | D:1      | Reached XP level 2. HP: 3/23 MP: 6/6
   348 | D:1      | Learned a level 2 spell: Swiftness
   450 | D:2      | Learned a level 1 spell: Shock
   485 | D:2      | Reached skill level 2 in Spellcasting
   485 | D:2      | HP: 2/23 [poisoned by an adder]
   487 | D:2      | Quit the game

Vault maps used:
D:1:      ncdulo_lavacross, minmay_surrounded
D:2:      kennysheep_big_flooded_room, uniq_jessica

Skill      XL: |  1  2 |
---------------+-------+-----
Spellcasting   | 1 2 |  2.2
Fighting       | |  1.0
Crossbows      | |  2.6
Throwing       | |  1.0
Armour         | |  1.0
Shields        | |  1.0
Necromancy     | |  1.0
Air Magic      | |  1.7

Action                   || total
-------------------------++-------
Melee: Dagger            ||    36
       Club              ||    10
       Short sword       ||    21
 Cast: Pain              ||     3
  Use: Scroll            ||     2
       Potion            ||     1
Armor: Robe              ||    14
Dodge: Dodged            ||    45

Table legend:
 A = Spawn XP
 B = Non-spawn XP
 C = Spawn XP percentage of total XP
 D = Spawn monster count
 E = Non-spawn monster count
 F = Spawn count percentage of total count
 G = Total turns spent on level
                    A         B        C        D         E        F      G
               +---------+---------+-------+---------+---------+-------+---------
         Total |       0 |      45 |   0.0 |       0 |      19 |   0.0 |   487
               +---------+---------+-------+---------+---------+-------+---------
           D:1 |       0 |      16 |   0.0 |       0 |      10 |   0.0 |   360
           D:2 |       0 |      29 |   0.0 |       0 |       9 |   0.0 |   127
               +---------+---------+-------+---------+---------+-------+---------

Table legend:
 A = Turns spent in this place as a percentage of turns spent in the entire game.
 B = Non-inter-level travel turns spent in this place as a percentage of non-inter-level travel turns spent in the entire game.
 C = Inter-level travel turns spent in this place as a percentage of turns spent in this place.
 D = Turns resting spent in this place as a percentage of non-inter-level travel turns spent in this place.
 E = Turns spent auto-exploring this place as a percentage of non-inter-level travel turns spent in this place.
 F = Non-inter-level travel turns spent in this place divided by the number of levels of this place that you've seen.
                   A       B       C       D       E      F
               +-------+-------+-------+-------+-------+----------------------
         Total | 100.0 | 100.0 |   3.3 |   0.0 |   0.0 | 235.5
       Dungeon | 100.0 | 100.0 |   3.3 |   0.0 |   0.0 | 235.5
               +-------+-------+-------+-------+-------+----------------------

Table legend:
 A = Kills in this place as a percentage of kills in entire the game.
 B = Kills by you in this place as a percentage of kills by you in the entire game.
 C = Kills by friends in this place as a percentage of kills by friends in the entire game.
 D = Other kills in this place as a percentage of other kills in the entire game.
 E = Experience gained in this place as a percentage of experience gained in the entire game.
 F = Experience gained in this place divided by the number of levels of this place that you have seen.
                   A       B       C       D       E      F
               +-------+-------+-------+-------+-------+----------------------
         Total | 100.0 | 100.0 |   N/A |   N/A | 100.0 |  22.5
       Dungeon | 100.0 | 100.0 |   N/A |   N/A | 100.0 |  22.5
               +-------+-------+-------+-------+-------+----------------------

Vault maps used:
D:1:      ncdulo_lavacross, minmay_surrounded
D:2:      kennysheep_big_flooded_room, uniq_jessica
